 Dungeon Crawl Stone Soup version 0.20.0 (webtiles) character file.

802 Danakh the Chopper (level 7, -13/55 HPs)
             Began as a Demonspawn Fighter on May 29, 2017.
             Killed from afar by Ijyb (15 damage)
             ... with a wand of lightning (?/15)
             ... on level 4 of the Dungeon.
             The game lasted 00:07:56 (3179 turns).

Danakh the Chopper (Demonspawn Fighter)             Turns: 3179, Time: 00:07:56

Health: -13/55     AC: 13    Str: 19    XL:     7   Next: 59%
Magic:  7/7        EV:  6    Int:  9    God:
Gold:   273        SH: 14    Dex: 12    Spells: 6/6 levels left

rFire    . . .     SeeInvis .   a - +0 war axe
rCold    . . .     Gourm    .   n - +0 large shield
rNeg     . . .     Faith    .   b - +0 scale mail
rPois    .         Spirit   .   (helmet restricted)
rElec    .         Reflect  .   (no cloak)
rCorr    .         Harm     .   (no gloves)
MR       ++...                  (no boots)
Stlth    ..........             (no amulet)
Regen    0.2/turn               w - ring of loudness (curse)
MPRegen  0.1/turn               (no ring)

@: sanguine armour
A: beak, horns 1, talons 2, demonic guardian 1, magic resistance 2, spiny 1,
sanguine armour 1
a: no special abilities


You were on level 4 of the Dungeon.
You were not hungry.

You visited 1 branch of the dungeon, and saw 4 of its levels.

You collected 273 gold pieces.

Inventory:

Hand Weapons
 a - a +0 war axe (weapon)
Armour
 b - a +0 scale mail (worn)
 n - a +0 large shield (worn)
 D - a +2 helmet
Jewellery
 w - a cursed ring of loudness (left hand)
Wands
 r - a wand of flame (16/48)
 t - a wand of flame (22/48)
Scrolls
 g - 3 scrolls of noise {unknown}
 i - 4 scrolls of teleportation {unknown}
 j - a scroll of recharging {unknown}
 k - 2 scrolls of immolation {unknown}
 l - 4 scrolls of remove curse {unknown}
 m - 6 scrolls of identify {unknown}
 v - a scroll of magic mapping {unknown}
 y - a scroll of fear {unknown}
Potions
 d - 3 potions of might
 e - 2 potions of mutation {unknown}
 h - a potion of invisibility {unknown}
 o - a potion of degeneration {unknown}
 p - 2 potions of brilliance {unknown}
 s - 2 potions of flight {unknown}
 x - a potion of heal wounds {unknown}
 z - 2 potions of curing {unknown}
Books
 u - a book of Annihilations

   Spells                             Type                      Level
   a - Poison Arrow                   Conjuration/Poison           6
   b - Chain Lightning                Conjuration/Air              8
   c - Lehudib's Crystal Spear        Conjuration/Earth            8
   d - Glaciate                       Conjuration/Ice              9
   e - Fire Storm                     Conjuration/Fire             9
Comestibles
 c - 2 chunks of flesh
 f - 5 bread rations
 q - a royal jelly
 B - a fruit
 C - a meat ration


   Skills:
 + Level 4.5 Fighting
 + Level 5.7 Axes
 + Level 4.0 Armour
 + Level 1.1 Dodging
 + Level 0.4 Stealth
 + Level 3.9 Shields


You had 6 spell levels left.
You didn't know any spells.

Dungeon Overview and Level Annotations

Branches:
Dungeon (4/15)
 Temple: D:4-7

Altars:

Annotations:
D:4 Ijyb


Innate Abilities, Weirdness & Mutations

You have razor-sharp toenails.
A weak demonic guardian rushes to your aid.
You are partially covered in sharp spines.
When seriously injured, your bleeding wounds create armour. (AC +6)
You have a beak for a mouth.
You have a pair of small horns on your head.
You are highly resistant to hostile enchantments. (MR++)


Message History

It is a wand of lightning (?/15).
You are too injured to fight recklessly!
You are too injured to fight recklessly!
You are too injured to fight recklessly!
You are too injured to fight recklessly!
You are too injured to fight recklessly!
Your shield and scale mail prevent you from hitting Ijyb.
Ijyb is heavily wounded.
You block Ijyb's attack.
You hit Ijyb. You claw Ijyb, but do no damage.
Ijyb is severely wounded.
Ijyb screams, "I dance on your bones!"
Ijyb zaps a wand.
The bolt of lightning hits you! x2
* * * LOW HITPOINT WARNING * * *
Ijyb hits you but does no damage.
You completely miss Ijyb. You claw Ijyb, but do no damage.
Your headbutt misses Ijyb. You peck Ijyb.
Ijyb is almost dead.
Ijyb zaps a wand.
The bolt of lightning hits you!
You die...

#####+#+# ........#
.# ........# #.#
.?......# .... #..
........###.#.# #..##
..............# #....
.......g....### .#
.... #..@.......
...##...
#########.######.
......
#.......#......#...
#...
#.#####.######.#...#
#... #.# #.# #.#...#
#... #.# #.# #.#...#
#... #.# #.#
#.#...####.## #.# #.#
#.#......#.# #.#
###'######'#........#


You could see Ijyb.

Vanquished Creatures
  Sigmund (D:2)
  A sky beast (D:4)
  A centaur (D:3)
  Blork the orc (D:4)
  2 orc priests (D:3)
  A hound (D:4)
  An orc wizard (D:3)
  Terence (D:2)
  Natasha (thrice) (D:2)
  Robin (D:4)
  3 gnolls (D:4)
  6 adders
  An ooze (D:3)
  2 worms
  2 dart slugs
  2 leopard geckos (D:3)
  4 orcs (D:3)
  A ball python (D:1)
  7 bats
  4 giant cockroaches
  15 goblins
  10 hobgoblins
  12 jackals
  9 frilled lizards
  5 kobolds
  A quokka skeleton (D:4)
  7 rats
104 creatures vanquished.

Vanquished Creatures (collateral kills)
  2 orcs (D:3)
2 creatures vanquished.

Grand Total: 106 creatures vanquished

Notes
Turn   | Place    | Note
-------+----------+-------------------------------------------
     0 | D:1      | Danakh the Demonspawn Fighter began the quest for the Orb.
     0 | D:1      | Reached XP level 1. HP: 18/18 MP: 1/1
   127 | D:1      | Reached skill level 2 in Axes
   131 | D:1      | Gained mutation: A weak demonic guardian rushes to your aid. [demonic ancestry]
   131 | D:1      | Reached XP level 2. HP: 24/24 MP: 2/2
   842 | D:2      | Noticed Natasha
   846 | D:2      | Noticed a crimson imp
   852 | D:2      | Killed Natasha
   852 | D:2      | Gained mutation: You have sharp toenails. [demonic ancestry]
   852 | D:2      | Reached XP level 3. HP: 22/29 MP: 3/3
   912 | D:2      | Noticed Terence
   923 | D:2      | Killed Terence
   923 | D:2      | Gained mutation: You have razor-sharp toenails. [demonic ancestry]
   923 | D:2      | Reached XP level 4. HP: 18/37 MP: 4/4
  1051 | D:2      | Noticed Natasha
  1060 | D:2      | Killed Natasha
  1060 | D:2      | Reached skill level 3 in Axes
  1238 | D:2      | Noticed Sigmund
  1250 | D:2      | Killed Sigmund
  1250 | D:2      | Reached skill level 4 in Axes
  1250 | D:2      | Gained mutation: When seriously injured, your bleeding wounds create armour. (AC +6) [demonic ancestry]
  1250 | D:2      | Reached XP level 5. HP: 25/42 MP: 5/5
  1250 | D:2      | Reached XP level 6. HP: 29/48 MP: 6/6
  1450 | D:2      | Noticed Natasha
  1458 | D:2      | Killed Natasha
  2323 | D:3      | Reached skill level 1 in Dodging
  2409 | D:3      | Gained mutation: You are partially covered in sharp spines. [demonic ancestry]
  2409 | D:3      | Reached XP level 7. HP: 46/54 MP: 7/7
  2510 | D:3      | Reached skill level 5 in Axes
  2954 | D:4      | Noticed Robin
  2963 | D:4      | Killed Robin
  2995 | D:4      | Noticed Blork the orc
  3005 | D:4      | Killed Blork the orc
  3136 | D:4      | Gained mutation: You are resistant to hostile enchantments. (MR+) [mutagenic meat]
  3137 | D:4      | Gained mutation: You are highly resistant to hostile enchantments. (MR++) [mutagenic meat]
  3138 | D:4      | Gained mutation: You have a pair of small horns on your head. [mutagenic meat]
  3139 | D:4      | Gained mutation: You have a beak for a mouth. [mutagenic meat]
  3173 | D:4      | Noticed Ijyb
  3178 | D:4      | HP: 2/55 [Ijyb/wand of lightning (?/15) (16)]
  3179 | D:4      | Killed from afar by Ijyb

Skill      XL: |  1  2  3  4  5  6  7 |
---------------+----------------------+-----
Axes           | 2 4 5 |  5.7
Armour         | 3 4 |  4.0
Shields        | 3 |  3.9
Fighting       | 4 |  4.5
Dodging        | 1 |  1.1
Stealth        | |  0.4

Action                   |  1- 3 |  4- 6 |  7- 9 || total
-------------------------+-------+-------+-------++-------
Melee: War axe           |    68 |   162 |    61 ||   291
       Kick              |     3 |    43 |    16 ||    62
       Peck              |       |       |     2 ||     2
  Eat: Chunk             |       |     5 |     7 ||    12
Armor: Scale mail        |    37 |    61 |    31 ||   129
Dodge: Dodged            |    18 |    36 |    24 ||    78
Block: Shield            |    33 |    85 |    32 ||   150
       Large shield      |       |       |     9 ||     9
